 Dungeon Crawl Stone Soup version 0.32-a0-42-ga30500b4d3 (webtiles) character file.

Game seed: 16324884766400730535

188 retardedninja the Firebug (level 5, -3/28 HPs)
             Began as a Gargoyle Fire Elementalist on Feb 2, 2024.
             Was an Initiate of Cheibriados.
             Killed by divine providence
             ... invoked by an orc priest
              (14 damage)
             ... on level 3 of the Dungeon.
             The game lasted 00:05:59 (3545 turns).

retardedninja the Firebug (GrFE)                    Turns: 3545, Time: 00:06:00

Health: -3/28      AC:  6    Str: 13    XL:     5   Next: 67%
Magic:  0/9        EV: 12    Int: 18    God:    Cheibriados [......]
Gold:   128        SH:  0    Dex: 11    Spells: 7/10 levels left

rFire   . . .        f - +0 mace
rCold   . . .        (no shield)
rNeg    + . .        a - +0 robe
rPois   ∞            (no helmet)
rElec   +            (no cloak)
rCorr   .            (no gloves)
SInv    .            (no boots)
Will    .....        (no amulet)
Stlth   ++           (no ring)
HPRegen 0.24/turn    (no ring)
MPRegen 0.11/turn

%: no passive effects
@: very slow
A: sickness immunity, AC +4, negative energy resistance 1, electricity
resistance, torment resistance 1, petrification resistance
a: Renounce Religion


You were on level 3 of the Dungeon.
You worshipped Cheibriados.
Cheibriados was noncommittal.
You visited 1 branch of the dungeon, and saw 3 of its levels.

You collected 128 gold pieces.

Inventory:

Hand Weapons
 f - a +0 mace (weapon)
Armour
 a - a +0 robe (worn)
Scrolls
 b - 3 scrolls of teleportation {unknown}
 c - 3 scrolls of revelation {unknown}
 d - 4 scrolls of identify {unknown}
 e - a scroll of fog {unknown}
 g - a scroll of poison {unknown}
 i - a scroll of silence {unknown}
Potions
 h - a potion of might {unknown}


   Skills:
 - Level 1.5 Dodging
 + Level 3.8 Stealth
 + Level 3.0 Spellcasting
 + Level 3.0 Conjurations
 + Level 4.0 Fire Magic


You had 7 spell levels left.
You knew the following spells:

 Your Spells              Type           Power      Damage    Failure   Level
a - Foxfire               Conj/Fire      60%        2x1d7     3%          1
b - Scorch                Fire           34%        2d6       4%          2

Your spell library contained the following spells:

 Spells                   Type           Power      Damage    Failure   Level
 Kiss of Death            Conj/Necr      32%        2d7       9%          1
 Necrotise                Necr           8%         1d4       16%         1
 Inner Flame              Hex/Fire       10%        N/A       22%         3
 Volatile Blastmotes      Fire/Tloc      20%        2d11      22%         3
 Flame Wave               Conj/Fire      15%        2d7       36%         4
 Confusing Touch          Hex            2%         N/A       43%         3
 Vampiric Draining        Necr           2%         2d6       43%         3
 Dispel Undead            Necr           2%         3d7       85%         4
 Martyr's Knell           Necr/Summ      2%         N/A       85%         4
 Curse of Agony           Necr           2%         N/A       99%         5


Dungeon Overview and Level Annotations

Branches:
Dungeon (3/15)

Altars:
Cheibriados
Elyvilon
Hepliaklqana
Trog
Uskayaw
The Shining One


Innate Abilities, Weirdness & Mutations

You are immune to sickness and miasma.
Your stone body is resilient. (AC +4)
You are immune to poison.
You resist negative energy. (rN+)
You are resistant to electric shocks. (rElec)
You are resistant to unholy torment.
You are immune to petrification.


Message History

The orc is heavily wounded.
The orc is no longer more vulnerable to fire.
The orc closely misses you. The orc misses you.
You hit the orc.
You kill the orc!
Cheibriados appreciates the change of pace.
You hit the orc but do no damage. The orc misses you.
The orc hits you with a +0 hand axe. The orc attacks as it pursues you!
The orc barely misses you.
Casting: Foxfire (safe; 3% risk of failure)
Press: ? - help, Q - select action, (/) - cycle Dir - look around, f - activate You conjure some foxfire!
The orc closely misses you.
The orc hits your foxfire with a +0 hand axe.
The foxfire hits the orc.
The orc is lightly wounded.
The foxfire hits the orc.
The orc is heavily wounded.
The orc priest calls upon Beogh to heal the orc.
The orc's wounds heal themselves!
The orc hits you with a +0 hand axe.
You hit the orc.
The orc is almost dead.
The orc barely misses you. x2
You hit the orc.
You kill the orc!
Cheibriados appreciates the change of pace.
Casting: Foxfire (safe; 3% risk of failure)
Press: ? - help, Q - select action, (/) - cycle Dir - look around, f - activate You conjure some foxfire!
The orc priest barely misses you.
The foxfire hits the orc priest but does no damage.
The foxfire hits the orc priest.
The orc priest is moderately wounded.
The orc priest hits you but does no damage.
You closely miss the orc priest.
The orc priest is moderately wounded.
The orc priest mumbles some strange prayers to Beogh against you.
Beogh smites you!
Ouch! That really hurt!
You die...

#.# ##.##### #.
#.##.#.####.# #
.o## #.##.#......#
# o#.
#.##.######.# o.#
#.##.# #.##### ..
#.##.# #...... #.
#.##.# #.#####
#)####§##.######.#
#.).o@§..........#
#####.#.##########
#.#.# #.#.# #...#
##..# #..#
######### #..#
#.......# #..#
#.#####.#


You could see an orc priest.

Vanquished Creatures
  A hound (D:3)
  Jessica (D:2)
  Natasha (twice) (D:3)
  An adder (D:3)
  A ribbon worm (D:2)
  A dart slug (D:2)
  8 orcs (D:3)
  4 endoplasms
  A giant cockroach (D:1)
  6 hobgoblins
  A quokka (D:1)
  9 ball pythons
  9 bats
  6 frilled lizards
  5 goblins
  3 kobolds
  7 rats
66 creatures vanquished.

Vanquished Creatures (others)
  180 foxfires
180 creatures vanquished.

Grand Total: 246 creatures vanquished

Notes
Turn   | Place    | Note
-------+----------+-------------------------------------------
     0 | D:1      | retardedninja the Gargoyle Fire Elementalist began the
                  | quest for the Orb.
     0 | D:1      | Reached XP level 1. HP: 10/10 MP: 3/3
   255 | D:1      | Reached XP level 2. HP: 15/15 MP: 0/5
   969 | D:1      | Reached XP level 3. HP: 19/19 MP: 2/6
  1547 | D:2      | Noticed Jessica
  1553 | D:1      | Learned a level 2 spell: Scorch
  1557 | D:2      | Killed Jessica
  1558 | D:2      | Reached XP level 4. HP: 18/24 MP: 2/7
  2612 | D:3      | Noticed Natasha
  3007 | D:3      | Killed Natasha
  3044 | D:3      | Found a snail-covered altar of Cheibriados.
  3047 | D:3      | Found a glowing golden altar of the Shining One.
  3048 | D:3      | Found a hazy altar of Hepliaklqana.
  3048 | D:3      | Found a hide-covered altar of Uskayaw.
  3050 | D:3      | Found a white marble altar of Elyvilon.
  3051 | D:3      | Found a bloodstained altar of Trog.
  3057 | D:3      | Became a worshipper of Cheibriados the Contemplative
  3177 | D:3      | Reached XP level 5. HP: 26/28 MP: 5/9
  3281 | D:3      | Noticed Natasha
  3307 | D:3      | Killed Natasha
  3448 | D:3      | Reached skill level 4 in Fire Magic
  3545 | D:3      | Killed from afar by an orc priest

Illustrated notes

Levels and vault maps discovered:
D:1:      saegor_arrival_simple_a, layout_loops_ring
D:2:      layout_basic, serial_bayou_crossing, uniq_jessica
D:3:      layout_loops_ring, xom_teletrap_fun, grunt_temple_overflow_open,
          uniq_natasha

Skill      XL: |  1  2  3  4  5 |
---------------+----------------+-----
Stealth        | 3 |  3.8
Conjurations   | 2 3 |  3.0
Spellcasting   | 3 |  3.0
Fire Magic     | 4 |  4.0
Dodging        | |  1.5

Action                     |  1- 3 |  4- 6 || total
---------------------------+-------+-------++-------
  Melee: Unarmed           |     9 |       ||     9
         Mace              |       |    23 ||    23
         Punch             |       |     1 ||     1
   Cast: Foxfire           |    71 |    46 ||   117
         Scorch            |     2 |    20 ||    22
    Use: Potion            |       |     4 ||     4
 Armour: Robe              |    15 |    39 ||    54
  Dodge: Dodged            |    15 |    44 ||    59

Table legend: (Time is in decaauts)
 A = Elapsed time spent in this place.
 B = Non-inter-level travel time spent in this place.
 C = Inter-level travel time spent in this place.
 D = Time resting spent in this place.
 E = Time spent auto-exploring this place.
 F = Levels seen in this place.
 G = Mean time per level.
                   A        B        C        D        E       F      G
               +--------+--------+--------+--------+--------+-----+--------+
         Total |   3632 |   3591 |     41 |    301 |   2724 |   3 | 1210.7 |
       Dungeon |   3632 |   3591 |     41 |    301 |   2724 |   3 | 1210.7 |
               +--------+--------+--------+--------+--------+-----+--------+

Top non-repeatable levels by time:
     D:1: 1552 daAuts
     D:2: 1382 daAuts
     D:3: 698 daAuts
